cohdb
Replays
Latest Replays
All Replays
Popular Replays
Top Player Replays
Match Explorer
How It Works
Community
CoH3 Stats
Reddit
Sign in to upload your games and track your stats! →
Sign in with Steam
Match 42598130
Unlisted
Match 42598130
Overview
Messages
Build Orders
End
Construct Infanterie Kompanie
MG 42 Machine Gun Team
Selects Terror Battlegroup
Selects Machine Gun Camouflage
MG 42 Machine Gun Team
GrW 34 Mortar Team
Grenadier Squad
Construct Luftwaffe Kompanie
GrW 34 Mortar Team
Support Elements
Wirbelwind Flakpanzer
Side Skirts
Marder III M Tank Destroyer
MG 42 Bunker
Medical Station
Cpt.Bod
Drone Operator
simranjitsingh713
N2RVE
Robert3366
Basgo
Czestero98
Ragnar Lothbrok (German)
0
0
Comments
sign in to comment!
No comments posted yet!